APP
SAN DIEGO (APP) PADRES @ MISSOULA OSPREY
09/30/2044
 
TOP OF THE 1ST
San Diego (APP) Padres batting - Pitching for Missoula Osprey : RHP Adam Maida
Pitching: RHP Adam Maida
Batting: LHB Phil Lerner 0-0: Ball
1-0: Called Strike
1-1: Foul Ball, location: 2F
1-2: Fly out, F6 (Popup, 4MD, EV 73.1 MPH)
Batting: RHB Ryan Tatum 0-0: Ball
1-0: Swinging Strike
1-1: Ball
2-1: Ball
3-1: SINGLE (Line Drive, 4D, EV 96.2 MPH)
Batting: LHB Carlos Cuellar 0-0: Ball
1-0: Ball
2-0: Called Strike
2-1: Called Strike
2-2: Fielders Choice at 2nd, 3-6 (Groundball, 34S, EV 86.2 MPH)
Batting: RHB Tom Tate 0-0: Called Strike
0-1: Called Strike
0-2: Ball
1-2: Ball
2-2: Ball
3-2: Ground out 5-3 (Groundball, 5L, EV 84.4 MPH)
Top of the 1st over - 0 runs, 1 hit, 0 errors, 1 left on base; San Diego (APP) 0 - Missoula 0
BOTTOM OF THE 1ST
Missoula Osprey batting - Pitching for San Diego (APP) Padres : RHP Nick Goodlow
Pitching: RHP Nick Goodlow
Batting: RHB Nate Spencer 0-0: Ball
1-0: Swinging Strike
1-1: DOUBLE (Groundball, 5L, EV 101.9 MPH)
Batting: RHB Ernesto Zamora 0-0: Ball
1-0: Ball
2-0: Called Strike
2-1: Ball
3-1: Base on Balls
Batting: SHB Evan Armagost 0-0: Ball
1-0: Called Strike
1-1: Ball
2-1: Foul Ball, location: 2F
2-2: Ball
3-2: Strikes out swinging
Batting: LHB Dillon Rizzuto 0-0: Ball
1-0: Swinging Strike
1-1: 3-RUN HOME RUN (Flyball, 9D, EV 96.9 MPH), Distance : 379 ft
Batting: LHB Enrique Ponce 0-0: Ball
1-0: Foul Ball, location: 2F
1-1: Ball
2-1: Ball
3-1: Foul Ball, location: 2F
3-2: Base on Balls
Batting: RHB Antonio Luisa 0-0: Ball
Enrique Ponce steals 2nd base
1-0: Called Strike
1-1: SINGLE (Line Drive, 7LS, EV 111.2 MPH)
Enrique Ponce to third
Batting: SHB Lee Dillon 0-0: Ball
1-0: Fielders Choice at 2nd, 6-4 (Groundball, 6, EV 107.5 MPH)
Enrique Ponce scores
Batting: LHB Tae-geun Kwang 0-0: Ball
1-0: Called Strike
1-1: Foul Ball, location: 2F
1-2: Strikes out swinging
Bottom of the 1st over - 4 runs, 3 hits, 0 errors, 1 left on base; San Diego (APP) 0 - Missoula 4
TOP OF THE 2ND
San Diego (APP) Padres batting - Pitching for Missoula Osprey : RHP Adam Maida
Batting: LHB Hugo MacBeth 0-0: Called Strike
0-1: Ball
1-1: SINGLE (Groundball, 6D, EV 98.1 MPH)
Batting: RHB Aaron Joseph 0-0: Ball
1-0: Foul Ball, location: 2F
1-1: Foul Ball, location: 2F
1-2: Foul Ball, location: 2F
1-2: Foul Ball, location: 2F
1-2: Ball
2-2: Foul Ball, location: 2F
2-2: Foul Ball, location: 2F
2-2: Ball
3-2: Strikes out swinging
Pitching: LHP Heath Henderson
Batting: LHB Rogelio Nunez 0-0: Ball
1-0: Called Strike
1-1: Swinging Strike
1-2: Ground out 6-3 (Groundball, 6S, EV 76.9 MPH)
Hugo MacBeth to second
Batting: RHB Max Stillo 0-0: Ball
1-0: Called Strike
1-1: Ball
2-1: Foul Ball, location: 2F
2-2: Strikes out swinging
Top of the 2nd over - 0 runs, 1 hit, 0 errors, 1 left on base; San Diego (APP) 0 - Missoula 4
BOTTOM OF THE 2ND
Missoula Osprey batting - Pitching for San Diego (APP) Padres : RHP Nick Goodlow
Batting: RHB Zach Espinosa 0-0: Ball
1-0: Called Strike
1-1: Foul Ball, location: 2F
1-2: Ground out 5-3 (Groundball, 56, EV 101.9 MPH)
Batting: RHB Nate Spencer 0-0: Ball
1-0: Ball
2-0: Ball
3-0: Called Strike
3-1: Base on Balls
Batting: RHB Ernesto Zamora 0-0: Called Strike
0-1: Called Strike
0-2: Strikes out swinging
Batting: SHB Evan Armagost 0-0: Ball
1-0: Called Strike
Balk!
Nate Spencer to second
1-1: Fly out, F2 (Popup, 25F, EV 85.0 MPH)
Bottom of the 2nd over - 0 runs, 0 hits, 0 errors, 1 left on base; San Diego (APP) 0 - Missoula 4
TOP OF THE 3RD
San Diego (APP) Padres batting - Pitching for Missoula Osprey : LHP Heath Henderson
Batting: RHB Tyler West 0-0: Called Strike
0-1: Ball
1-1: Swinging Strike
1-2: SINGLE (Line Drive, 89S, EV 94.4 MPH)
Batting: LHB Phil Lerner 0-0: Foul Ball, location: 2F
0-1: Ball
1-1: Ball
2-1: Ball
3-1: Base on Balls
Tyler West to second
Pitching: RHP Rick Foster
Batting: RHB Ryan Tatum 0-0: DOUBLE (Line Drive, 9LS, EV 89.4 MPH)
Tyler West scores
Phil Lerner to third
Batting: LHB Carlos Cuellar 0-0: Called Strike
0-1: Ball
1-1: Ball
2-1: Foul Ball, location: 2F
2-2: 3-RUN HOME RUN (Flyball, 89XD, EV 101.9 MPH), Distance : 381 ft
Batting: RHB Tom Tate 0-0: Called Strike
0-1: Foul Ball, location: 2F
0-2: Foul Ball, location: 2F
0-2: Ball
1-2: Ball
2-2: Foul Ball, location: 2F
2-2: SOLO HOME RUN (Flyball, 7D, EV 93.8 MPH), Distance : 342 ft
Batting: LHB Hugo MacBeth 0-0: Fly out, F7 (Flyball, 8LS, EV 90.0 MPH)
Batting: RHB Aaron Joseph 0-0: Ball
1-0: SINGLE (Line Drive, 4MD, EV 98.8 MPH)
Batting: LHB Rogelio Nunez 0-0: Called Strike
0-1: Called Strike
0-2: TRIPLE (Line Drive, 9LD, EV 106.9 MPH)
Aaron Joseph scores
Pitching: RHP Jason Hammons
Batting: RHB Max Stillo 0-0: Called Strike
0-1: Ball
1-1: Ball
2-1: Ball
3-1: Ground out 1-3 (Groundball, 15, EV 70.6 MPH)
Batting: RHB Tyler West 0-0: Ball
1-0: Ball
2-0: Called Strike
2-1: Ball
3-1: Foul Ball, location: 2F
3-2: Base on Balls
Batting: LHB Phil Lerner 0-0: Ball
Tyler West steals 2nd base
1-0: Ball
2-0: Ball
3-0: Called Strike
3-1: Base on Balls
Batting: RHB Ryan Tatum 0-0: SINGLE (Line Drive, 8RS, EV 96.9 MPH)
Rogelio Nunez scores
Tyler West to third
Phil Lerner to second
Batting: LHB Carlos Cuellar 0-0: Called Strike
0-1: Ball
1-1: DOUBLE (Flyball, 8RXD, EV 91.9 MPH)
Tyler West scores
Phil Lerner scores
Ryan Tatum to third
Pitching: RHP Alan Muth
Batting: RHB Tom Tate 0-0: Ball
1-0: Called Strike
1-1: Foul Ball, location: 2F
1-2: Foul Ball, location: 2F
1-2: Strikes out looking
Top of the 3rd over - 9 runs, 8 hits, 0 errors, 2 left on base; San Diego (APP) 9 - Missoula 4
BOTTOM OF THE 3RD
Missoula Osprey batting - Pitching for San Diego (APP) Padres : RHP Nick Goodlow
Batting: LHB Dillon Rizzuto 0-0: Ball
1-0: SOLO HOME RUN (Flyball, 9D, EV 95.0 MPH), Distance : 343 ft
Batting: LHB Enrique Ponce 0-0: SINGLE (Line Drive, 78M, EV 105.6 MPH)
Batting: RHB Antonio Luisa 0-0: SINGLE (Line Drive, 6M, EV 103.8 MPH)
Enrique Ponce to second
Batting: SHB Lee Dillon 0-0: Ball
1-0: Grounds into double play, 6-4-3 (Groundball, 6M, EV 80.0 MPH)
Enrique Ponce to third
Batting: LHB Tae-geun Kwang 0-0: Swinging Strike
0-1: Swinging Strike
0-2: Ball
1-2: Ball
2-2: Strikes out swinging
Bottom of the 3rd over - 1 run, 3 hits, 0 errors, 1 left on base; San Diego (APP) 9 - Missoula 5
TOP OF THE 4TH
San Diego (APP) Padres batting - Pitching for Missoula Osprey : RHP Alan Muth
Batting: LHB Hugo MacBeth 0-0: Ball
1-0: SINGLE (Line Drive, 4MD, EV 100.6 MPH)
Batting: RHB Aaron Joseph 0-0: Ball
1-0: Ball
2-0: Called Strike
2-1: Ball
3-1: Base on Balls
Hugo MacBeth to second
Batting: LHB Rogelio Nunez 0-0: DOUBLE (Flyball, 78D, EV 91.2 MPH)
Hugo MacBeth scores
Aaron Joseph to third
Batting: RHB Max Stillo 0-0: Called Strike
0-1: Ball
1-1: Called Strike
1-2: Ball
2-2: Foul Ball, location: 2F
2-2: Ball
3-2: SINGLE (Groundball, 6MD, EV 99.4 MPH) (infield hit)
Aaron Joseph scores
Rogelio Nunez to third
Pitching: RHP John Petersen
Batting: RHB Tyler West 0-0: Ball
1-0: Ground out 4-3 (Groundball, 4MS, EV 69.4 MPH)
Rogelio Nunez scores
Max Stillo to second
Batting: LHB Phil Lerner 0-0: Ball
1-0: Foul Ball, location: 2F
1-1: Foul Ball, location: 2F
1-2: Ball
2-2: Foul Ball, location: 2F
2-2: Foul Ball, location: 2F
2-2: Ball
3-2: Strikes out looking
Batting: RHB Ryan Tatum 0-0: Ball
1-0: Called Strike
1-1: Foul Ball, location: 2F
1-2: Ball
2-2: Ball
3-2: Foul Ball, location: 2F
3-2: Strikes out looking
Top of the 4th over - 3 runs, 3 hits, 0 errors, 1 left on base; San Diego (APP) 12 - Missoula 5
BOTTOM OF THE 4TH
Missoula Osprey batting - Pitching for San Diego (APP) Padres : RHP Nick Goodlow
Batting: RHB Zach Espinosa 0-0: Called Strike
0-1: Swinging Strike
0-2: Strikes out swinging
Batting: RHB Nate Spencer 0-0: Called Strike
0-1: Fly out, F4 (Popup, 34, EV 55.6 MPH)
Batting: RHB Ernesto Zamora 0-0: Ball
1-0: Ball
2-0: Called Strike
2-1: SINGLE (Groundball, 6MD, EV 105.6 MPH)
Batting: SHB Evan Armagost 0-0: Foul Ball, location: 2F
0-1: Foul Ball, location: 2F
0-2: Fly out, F5 (Popup, 5SF, EV 83.1 MPH)
Bottom of the 4th over - 0 runs, 1 hit, 0 errors, 1 left on base; San Diego (APP) 12 - Missoula 5
TOP OF THE 5TH
San Diego (APP) Padres batting - Pitching for Missoula Osprey : RHP John Petersen
Batting: LHB Carlos Cuellar 0-0: Ball
1-0: Called Strike
1-1: Foul Ball, location: 2F
1-2: Ball
2-2: Strikes out swinging
Pitching: RHP Tom Alatas
Batting: RHB Tom Tate 0-0: Foul Ball, location: 2F
0-1: Foul Ball, location: 2F
0-2: Strikes out swinging
Batting: LHB Hugo MacBeth 0-0: Ground out 6-3 (Groundball, 56, EV 86.9 MPH)
Top of the 5th over - 0 runs, 0 hits, 0 errors, 0 left on base; San Diego (APP) 12 - Missoula 5
BOTTOM OF THE 5TH
Missoula Osprey batting - Pitching for San Diego (APP) Padres : RHP Nick Goodlow
Batting: LHB Dillon Rizzuto 0-0: Called Strike
0-1: SOLO HOME RUN (Flyball, 9D, EV 98.8 MPH), Distance : 388 ft
Pitching: RHP Roger Brennan
Batting: LHB Enrique Ponce 0-0: Ground out 1-3 (Groundball, P, EV 61.9 MPH)
Batting: RHB Antonio Luisa 0-0: Foul Ball, location: 2F
0-1: Called Strike
0-2: Ball
1-2: Ball
2-2: SINGLE (Groundball, 6D, EV 104.4 MPH)
Batting: SHB Lee Dillon 0-0: Ball
1-0: Called Strike
1-1: Swinging Strike
1-2: Strikes out swinging
Batting: LHB Tae-geun Kwang 0-0: Ground out 4-3 (Groundball, 4, EV 99.4 MPH)
Bottom of the 5th over - 1 run, 2 hits, 0 errors, 1 left on base; San Diego (APP) 12 - Missoula 6
TOP OF THE 6TH
San Diego (APP) Padres batting - Pitching for Missoula Osprey : RHP Tom Alatas
Batting: RHB Aaron Joseph 0-0: Ball
1-0: Ball
2-0: Foul Ball, location: 2F
2-1: Ball
3-1: Base on Balls
Batting: LHB Rogelio Nunez 0-0: Ball
1-0: 2-RUN HOME RUN (Flyball, 9D, EV 98.8 MPH), Distance : 358 ft
Batting: RHB Max Stillo 0-0: Foul Ball, location: 2F
0-1: DOUBLE (Line Drive, 78D, EV 105.0 MPH)
Batting: RHB Tyler West 0-0: Fly out, F1 (Line Drive, P, EV 65.0 MPH)
Batting: LHB Phil Lerner 0-0: Called Strike
0-1: Ball
1-1: Called Strike
1-2: Strikes out looking
Batting: RHB Ryan Tatum 0-0: Called Strike
0-1: Called Strike
0-2: Ball
1-2: Ground out 1-3 (Groundball, 34S, EV 69.4 MPH)
Top of the 6th over - 2 runs, 2 hits, 0 errors, 1 left on base; San Diego (APP) 14 - Missoula 6
BOTTOM OF THE 6TH
Missoula Osprey batting - Pitching for San Diego (APP) Padres : RHP Roger Brennan
Batting: RHB Zach Espinosa 0-0: Ball
1-0: Foul Ball, location: 2F
1-1: Foul Ball, location: 2F
1-2: Ground out 3-1 (Groundball, 34, EV 86.2 MPH)
Batting: RHB Nate Spencer 0-0: Foul Ball, location: 2F
0-1: Ground out 6-3 (Groundball, 6, EV 83.8 MPH)
Batting: RHB Ernesto Zamora 0-0: Ball
1-0: DOUBLE (Flyball, 89D, EV 108.1 MPH)
Batting: SHB Evan Armagost 0-0: Fly out, F3 (Line Drive, 3, EV 75.0 MPH)
Bottom of the 6th over - 0 runs, 1 hit, 0 errors, 1 left on base; San Diego (APP) 14 - Missoula 6
TOP OF THE 7TH
San Diego (APP) Padres batting - Pitching for Missoula Osprey : RHP Tom Alatas
Pinch Hitting: LHB Ramon Padilla 0-0: Called Strike
0-1: Ball
1-1: Foul Ball, location: 2F
1-2: Ball
2-2: Ball
3-2: Base on Balls
Batting: RHB Tom Tate Pickoff Throw to First - Out! 1-3
0-0: Ball
1-0: Ball
2-0: Swinging Strike
2-1: Foul Ball, location: 2F
2-2: Foul Ball, location: 2F
2-2: Ball
3-2: Fly out, F7 (Line Drive, 7, EV 92.5 MPH)
Batting: LHB Hugo MacBeth 0-0: Ball
1-0: Swinging Strike
1-1: Ball
2-1: Swinging Strike
2-2: DOUBLE (Line Drive, 7LM, EV 105.0 MPH)
Batting: RHB Aaron Joseph 0-0: Ball
1-0: SINGLE (Groundball, 4MD, EV 99.4 MPH) (infield hit)
Hugo MacBeth to third
Pinch Hitting: RHB Brent Little 0-0: Swinging Strike
0-1: Ball
1-1: Ball
2-1: Ball
3-1: Base on Balls
Aaron Joseph to second
Batting: RHB Max Stillo 0-0: Called Strike
0-1: Fielders Choice at 2nd, 5-4 (Groundball, 56, EV 86.2 MPH)
Top of the 7th over - 0 runs, 2 hits, 0 errors, 3 left on base; San Diego (APP) 14 - Missoula 6
BOTTOM OF THE 7TH
Missoula Osprey batting - Pitching for San Diego (APP) Padres : RHP Roger Brennan
Now at SS: Brent Little
Now in LF: Ramon Padilla
Pinch Hitting: RHB Mike Eagerton 0-0: Ball
1-0: Ball
2-0: Swinging Strike
2-1: Ball
3-1: Base on Balls
Batting: LHB Enrique Ponce 0-0: Reached on error, E3 (Groundball, 34, EV 90.0 MPH)
Mike Eagerton to second
Pinch Hitting: SHB Nate Neumann 0-0: 3-RUN HOME RUN (Line Drive, 9D, EV 93.8 MPH), Distance : 362 ft
Batting: SHB Lee Dillon 0-0: Foul Ball, location: 2F
0-1: Ball
1-1: Ball
2-1: Called Strike
2-2: Ball
3-2: Ground out 3-1 (Groundball, 34, EV 102.5 MPH)
Batting: LHB Tae-geun Kwang 0-0: Ball
1-0: Ball
2-0: Ball
3-0: Called Strike
3-1: Called Strike
3-2: Foul Ball, location: 2F
3-2: Base on Balls
Batting: RHB Zach Espinosa 0-0: Foul Ball, location: 2F
0-1: Called Strike
0-2: Ball
1-2: Strikes out swinging
Pitching: RHP Sean Fowler
Batting: RHB Nate Spencer 0-0: Ball
1-0: Called Strike
1-1: Ground out 4-3 (Groundball, 4, EV 93.8 MPH)
Bottom of the 7th over - 3 runs, 1 hit, 1 error, 1 left on base; San Diego (APP) 14 - Missoula 9
TOP OF THE 8TH
San Diego (APP) Padres batting - Pitching for Missoula Osprey : RHP Tom Alatas
Now at 1B: Chad Mendoza
Now in RF: Mike Eagerton
Batting: RHB Tyler West 0-0: Foul Ball, location: 2F
0-1: DOUBLE (Line Drive, 9LS, EV 108.1 MPH)
Pinch Runner at 2nd Conor Barron:
Batting: LHB Phil Lerner 0-0: Swinging Strike
0-1: Ball
1-1: Swinging Strike
1-2: Strikes out swinging
Batting: RHB Ryan Tatum 0-0: Ball
1-0: Ball
2-0: Ball
3-0: Base on Balls
Batting: LHB Ramon Padilla 0-0: Foul Ball, location: 2F
0-1: Foul Ball, location: 2F
0-2: Ball
1-2: Foul Ball, location: 2F
1-2: Ball
2-2: DOUBLE (Groundball, 3L, EV 100.0 MPH)
Conor Barron scores
Ryan Tatum to third
Pitching: RHP Sergio Manzanero
Batting: RHB Tom Tate 0-0: SINGLE (Line Drive, 8RS, EV 92.5 MPH)
Ryan Tatum scores
Ramon Padilla to third
Batting: LHB Hugo MacBeth 0-0: Ball
Wild Pitch!
Ramon Padilla scores
Tom Tate to second
1-0: Called Strike
1-1: Foul Ball, location: 2F
1-2: Foul Ball, location: 2F
1-2: Strikes out swinging
Batting: RHB Aaron Joseph 0-0: Swinging Strike
0-1: SINGLE (Groundball, 6MD, EV 105.0 MPH)
Tom Tate to third
Runner from 3rd tries for Home, SAFE, throw by CF to home
Aaron Joseph to second
Batting: RHB Brent Little 0-0: Ball
1-0: Ball
2-0: TRIPLE (Flyball, 78XD, EV 96.9 MPH)
Aaron Joseph scores
Batting: RHB Max Stillo 0-0: Ball
1-0: Ball
2-0: Ball
3-0: Base on Balls
Batting: LHB Conor Barron 0-0: Called Strike
0-1: Ball
1-1: Foul Ball, location: 2F
1-2: Ball
2-2: Foul Ball, location: 2F
2-2: Fly out, F9 (Flyball, 9D, EV 88.8 MPH)
Top of the 8th over - 5 runs, 5 hits, 0 errors, 2 left on base; San Diego (APP) 19 - Missoula 9
BOTTOM OF THE 8TH
Missoula Osprey batting - Pitching for San Diego (APP) Padres : RHP Sean Fowler
Now at 2B: Antonio Lara
Batting: RHB Ernesto Zamora 0-0: Called Strike
0-1: Ball
1-1: Ball
2-1: SINGLE (Groundball, 6D, EV 103.8 MPH)
Batting: SHB Evan Armagost 0-0: Ball
1-0: Ball
2-0: Called Strike
2-1: Ball
3-1: Called Strike
3-2: Strikes out swinging
Ernesto Zamora steals 2nd base (no throw)
Batter strikes out.
Pinch Hitting: SHB Blaine Peters 0-0: Ground out 2-3 (Groundball, 2L, EV 70.0 MPH)
Ernesto Zamora to third
Batting: LHB Enrique Ponce 0-0: Ball
1-0: Ball
2-0: Swinging Strike
2-1: Foul Ball, location: 2F
2-2: Fly out, F9 (Flyball, 9S, EV 88.1 MPH)
Bottom of the 8th over - 0 runs, 1 hit, 0 errors, 1 left on base; San Diego (APP) 19 - Missoula 9
TOP OF THE 9TH
San Diego (APP) Padres batting - Pitching for Missoula Osprey : RHP Sergio Manzanero
Now in LF: Blaine Peters
Now in RF: Tae-geun Kwang
Batting: LHB Phil Lerner 0-0: Ball
1-0: Ball
2-0: Swinging Strike
2-1: Swinging Strike
2-2: Ball
3-2: Base on Balls
Batting: RHB Ryan Tatum 0-0: Ball
1-0: Ball
2-0: SINGLE (Flyball, 89S, EV 96.2 MPH)
Phil Lerner to second
Batting: LHB Ramon Padilla 0-0: Ball
1-0: Fielders Choice at 2nd, 1-4 (Groundball, 15, EV 66.9 MPH)
Phil Lerner to third
Batting: RHB Tom Tate 0-0: 3-RUN HOME RUN (Flyball, 7D, EV 91.2 MPH), Distance : 346 ft
Pitching: RHP Jonathan Mora
Pinch Hitting: RHB Stephon Hill 0-0: Ball
1-0: Ball
2-0: Ball
3-0: Base on Balls
Batting: RHB Aaron Joseph 0-0: Called Strike
0-1: Ball
Wild Pitch!
Stephon Hill to second
1-1: SINGLE (Groundball, 6D, EV 100.6 MPH)
Stephon Hill to third
Runner from 3rd tries for Home, SAFE, throw by CF to home
Batting: RHB Brent Little 0-0: Ball
1-0: Grounds into double play, 3-6-3 (Groundball, 13, EV 85.6 MPH)
Top of the 9th over - 4 runs, 3 hits, 0 errors, 0 left on base; San Diego (APP) 23 - Missoula 9
BOTTOM OF THE 9TH
Missoula Osprey batting - Pitching for San Diego (APP) Padres : RHP Sean Fowler
Now at C: Stephon Hill
Batting: RHB Chad Mendoza 0-0: Swinging Strike
0-1: Hit by Pitch
Batting: SHB Lee Dillon 0-0: Swinging Strike
0-1: Foul Ball, location: 2F
0-2: Ball
1-2: Ball
2-2: Foul Ball, location: 2F
2-2: Fielders Choice at 2nd, 2-6 (Groundball, 2R, EV 63.1 MPH)
Batting: LHB Tae-geun Kwang 0-0: Ball
1-0: Ball
2-0: Swinging Strike
2-1: Foul Ball, location: 2F
2-2: Ball
3-2: Foul Ball, location: 2F
3-2: Foul Ball, location: 2F
3-2: Base on Balls
Lee Dillon to second
Pitching: LHP Kentaro Shimasaki
Batting: RHB Zach Espinosa 0-0: Foul Ball, location: 2F
0-1: Foul Ball, location: 2F
0-2: Foul Ball, location: 2F
0-2: Ball
1-2: Ball
2-2: Strikes out swinging
Batting: RHB Nate Spencer 0-0: Called Strike
0-1: Ball
1-1: Ball
2-1: Foul Ball, location: 2F
2-2: SINGLE (Groundball, 4MD, EV 101.2 MPH)
Lee Dillon to third
Tae-geun Kwang to second
Batting: RHB Ernesto Zamora 0-0: Ball
1-0: Ball
Wild Pitch!
Lee Dillon scores
Tae-geun Kwang to third
Nate Spencer to second
2-0: Ground out 6-3 (Groundball, 4M, EV 85.6 MPH)
Bottom of the 9th over - 1 run, 1 hit, 0 errors, 2 left on base; San Diego (APP) 23 - Missoula 10
Thursday, March 31st , 2022 - OOTP Baseball 22.12 Build 89